 Dungeon Crawl Stone Soup version 0.26.1-11-gd32895ea62 (webtiles) character file.

Game seed: 14552680117454294355

184 Zeld the Sneak (level 5, 0/34 HPs)
             Began as an Octopode Brigand on May 23, 2021.
             Slain by an orc wizard
             ... wielding a +0 dagger
              (3 damage)
             ... on level 3 of the Dungeon.
             The game lasted 00:02:42 (2764 turns).

Zeld the Sneak (Octopode Brigand)                   Turns: 2764, Time: 00:02:43

Health: 0/34       AC:  1    Str: 11    XL:     5   Next: 64%
Magic:  5/5        EV: 13    Int: 12    God:
Gold:   77         SH:  0    Dex: 13    Spells: 4/4 levels left

rFire    . . .     SeeInvis .   a - +2 dagger
rCold    + . .     Faith    .   (no shield)
rNeg     . . .     Spirit   .   (helmet restricted)
rPois    .         Reflect  .   (no amulet)
rElec    .         Harm     .   (no ring)
rCorr    .         Rampage  .   (no ring)
Will     .....                  (no ring)
Stlth    ++++......             (no ring)
HPRegen  0.11/turn              (no ring)
MPRegen  0.09/turn              (no ring)
                                (no ring)
                                (no ring)

@: slowed, very slow
A: almost no armour, stealthy swim, amphibious, 8 rings, constrict 8, camouflage
1, blurry vision 1, cold resistance 1, dopey 1, gelatinous body 1
a: no special abilities


You were on level 3 of the Dungeon.
You visited 1 branch of the dungeon, and saw 3 of its levels.

You collected 77 gold pieces.

Inventory:

Hand Weapons
 a - a +2 dagger (weapon)
Missiles
 b - 35 poisoned darts (quivered)
 c - 2 curare-tipped darts
Wands
 i - a wand of random effects (20)
Scrolls
 d - 4 scrolls of remove curse
 g - a scroll of teleportation {unknown}
 h - 2 scrolls of identify {unknown}
 k - a scroll of amnesia {unknown}
 l - 2 scrolls of fog {unknown}
 m - a scroll of fear {unknown}
 n - a scroll of noise {unknown}
 q - a scroll of enchant armour {unknown}
Potions
 e - a potion of haste {unknown}
 f - a potion of mutation
 j - a potion of ambrosia {unknown}
 o - a potion of might {unknown}
 p - a potion of brilliance {unknown}


   Skills:
 - Level 2.0 Fighting
 * Level 4.2 Short Blades
 * Level 4.2 Throwing
 - Level 1.0 Dodging
 - Level 5.3 Stealth


You had 4 spell levels left.
You didn't know any spells.
Your spell library was empty.

Dungeon Overview and Level Annotations

Branches:
Dungeon (3/15)

Altars:

Annotations:
D:3 1 runed translucent door, Duder's ghost, amateur MiBe


Innate Abilities, Weirdness & Mutations

You cannot wear most types of armour.
You are very stealthy in the water. (Stealth+)
You are amphibious.
You can wear up to eight rings at the same time.
You can use your tentacles to constrict eight enemies at once.
Your skin changes colour to match your surroundings (Stealth+).
Your rubbery body absorbs attacks. (AC +1, EV +1)
Scrolls take you a little longer to read.
Your flesh is cold resistant. (rC+)
You are dopey. (Int -2)


Message History

The orc wizard closely misses you. The orc barely misses you.
The orc hits you with a +0 short sword. The orc hits you with a +0 short sword.
There is an escape hatch in the ceiling here.
The orc wizard casts a spell.
The orc wizard blinks!
The orc wizard casts a spell at you.
You feel yourself slow down. The orc hits you with a +0 short sword.
The orc closely misses you.
The orc wizard hits you with a +0 dagger.
* * * LOW HITPOINT WARNING * * *
You are too injured to fight recklessly!
The orc wizard points at you and mumbles some strange words.
The magic dart hits you!
* * * LOW HITPOINT WARNING * * *
It was a potion of mutation.
You feel extremely strange.
Your vision blurs.
You feel stupid.
You feel resistant to cold. The orc misses you.
The orc wizard hits you with a +0 dagger.
You die...

..†..#.#.##########.#
########
.#####.#............#
#....... .#
#.###################.#####.
.# #......................#
#.
.#########################..#
#. ........ ........######..#
## ...#...# #...........#..#
...#...# #......####.#..#
####...#######.o@...........#
#.........##o#.#.####.##.####
#...>..o.oB.........).....#
##+##.<###.#.#.####.##.##.##
#.≈.#)......†...............
#.≈.#......#.#.####.##.##...
#.≈.########.#....#.##.##...
#.≈. #.#....#.##.##... #.W.
#.#....#.##.#....


You could see an orc wizard, 2 orcs and a giant cockroach.

Vanquished Creatures
  Jessica (D:2)
  Terence (D:1)
  8 adders
  An ooze (D:3)
  A worm (D:3)
  2 dart slugs (D:2)
  A leopard gecko (D:3)
  4 orcs (D:3)
  6 bats
  2 giant cockroaches
  3 hobgoblins (D:1)
  3 jackals (D:2)
  4 kobolds
  A quokka (D:3)
  A ball python (D:1)
  3 frilled lizards
  5 goblins
  3 rats
50 creatures vanquished.

Notes
Turn   | Place    | Note
-------+----------+-------------------------------------------
     0 | D:1      | Zeld the Octopode Brigand began the quest for the Orb.
     0 | D:1      | Reached XP level 1. HP: 14/14 MP: 1/1
   279 | D:1      | Reached XP level 2. HP: 16/19 MP: 2/2
   744 | D:2      | Noticed Terence
   859 | D:1      | Killed Terence
   860 | D:1      | Reached XP level 3. HP: 5/24 MP: 3/3
  1435 | D:2      | Reached XP level 4. HP: 29/29 MP: 4/4
  1678 | D:2      | Noticed Jessica
  1689 | D:2      | Killed Jessica
  2156 | D:3      | Reached XP level 5. HP: 34/34 MP: 5/5
  2754 | D:3      | Found a runed translucent door.
  2754 | D:3      | Noticed Duder's ghost (amateur MiBe)
  2764 | D:3      | Gained mutation: Scrolls take you a little longer to read.
                  | [potion of mutation]
  2764 | D:3      | Gained mutation: You are dopey. (Int -2) [potion of
                  | mutation]
  2764 | D:3      | Gained mutation: Your flesh is cold resistant. (rC+)
                  | [potion of mutation]
  2764 | D:3      | Slain by an orc wizard

Illustrated notes

Levels and vault maps discovered:
D:1:      dpeg_arrival_simpleton_b, layout_basic, minmay_misc_feat_rugged
D:2:      layout_basic, uniq_jessica, uniq_terence
D:3:      layout_basic, ebering_ghost_reflecting_pool

Skill      XL: |  1  2  3  4  5 |
---------------+----------------+-----
Short Blades   | 3 4 |  4.2
Throwing       | 3 4 |  4.2
Fighting       | |  2.0
Dodging        | |  1.0
Stealth        | |  5.3

Action                   |  1- 3 |  4- 6 || total
-------------------------+-------+-------++-------
Melee: Dagger            |    37 |    73 ||   110
       Tentacles         |     9 |     8 ||    17
       Constrict         |     7 |    14 ||    21
  Use: Scroll            |       |     1 ||     1
       Potion            |       |     1 ||     1
 Stab: Sleeping          |     5 |     7 ||    12
       Distracted        |       |     1 ||     1
Armor: Skin              |     1 |     5 ||     6
Dodge: Dodged            |    26 |    32 ||    58
